 Dungeon Crawl Stone Soup version 0.24.0-1-gfbc8707 (webtiles) character file.

Game seed: 8144906989897554065, levelgen mode: deterministic

2455 BoppinsLewinski the Cleaver (level 9, -5/81 HPs)
             Began as a Deep Dwarf Fighter on Oct 27, 2019.
             Was an Elder of Makhleb.
             Slain by an orc warlord
             ... wielding a +0 war axe
              (26 damage)
             ... in a bailey.
             The game lasted 00:15:30 (5581 turns).

BoppinsLewinski the Cleaver (Deep Dwarf Fighter)    Turns: 5581, Time: 00:15:31

Health: -5/81      AC: 12    Str: 23    XL:     9   Next: 26%
Magic:  10/10      EV: 10    Int:  9    God:    Makhleb [****..]
Gold:   354        SH:  0    Dex: 12    Spells: 8/8 levels left

rFire    x . .     SeeInvis .   x - +0 battleaxe
rCold    + . .     Gourm    .   (shield currently unavailable)
rNeg     . . .     Faith    .   a - +0 chain mail
rPois    .         Spirit   .   e - +0 helmet
rElec    .         Reflect  .   l - +0 cloak
rCorr    .         Harm     .   (no gloves)
MR       +....                  (no boots)
Stlth    ..........             (no amulet)
HPRegen  0.00/turn              q - +3 ring of slaying
MPRegen  0.12/turn              g - ring of ice

@: very slightly contaminated, non-regenerating
A: damage resistance, heal wounds, sense surroundings 2, no regeneration
a: Heal Wounds, Minor Destruction, Lesser Servant of Makhleb, Major Destruction,
Renounce Religion


You were in a bailey.
You worshipped Makhleb.
Makhleb was greatly pleased with you.
You were not hungry.

You visited 1 branch of the dungeon, and saw 7 of its levels.
You also visited: Bailey.

You collected 354 gold pieces.

Inventory:

Hand Weapons
 x - a +0 battleaxe (weapon)
Armour
 a - a +0 chain mail (worn)
 e - a +0 helmet (worn)
 l - a +0 cloak (worn)
Jewellery
 b - an uncursed ring of positive energy {unknown}
 g - a ring of ice (right hand)
 q - a +3 ring of slaying (left hand)
Wands
 w - a wand of disintegration (2)
Scrolls
 c - 2 scrolls of acquirement {unknown}
 h - 2 scrolls of enchant armour
 j - a scroll of remove curse
 k - a scroll of identify
 m - a scroll of random uselessness {unknown}
 n - a scroll of noise
 r - a scroll of magic mapping
 t - 3 scrolls of teleportation {unknown}
 u - a scroll of blinking
 v - a scroll of fear {unknown}
 y - a scroll of enchant weapon {unknown}
Potions
 d - 3 potions of curing
 o - 2 potions of mutation
 p - 2 potions of heal wounds
 s - a potion of resistance
Comestibles
 f - 11 rations


   Skills:
 - Level 5.0 Fighting
 * Level 9.6 Axes
 - Level 6.1 Armour
 - Level 4.9 Dodging
   Level 3.2 Shields
 - Level 5.2 Invocations


You had 8 spell levels left.
You didn't know any spells.
Your spell library was empty.

Dungeon Overview and Level Annotations

Branches:
Dungeon (7/15)             Temple (0/1) D:7          Bailey (1/1)

Altars:
Ashenzari
Dithmenos
Fedhas
Makhleb
Nemelex Xobeh
Ru
Wu Jian
Yredelemnul
Zin

Shops:
D:2 *   D:4 !%?![   D:6 [

Annotations:
D:4 1 runed translucent door, KoboldVaak's ghost, amateur KoNe
D:5 4 runed translucent doors


Innate Abilities, Weirdness & Mutations

You are resistant to damage.
You can heal yourself by infusing magical energy.
You passively map the area around you.
You do not regenerate.


Message History

Blink to where?
Press: ? - help, Dir - move target cursor, p - orc warlord You are very lightly contaminated with residual magic.
As you read the scroll labeled VUINUQ RUNILAE, it crumbles to dust.
It was a scroll of blinking.
c - 2 scrolls labeled OLLOD JESIT (gained 1)
Okay, then.
What are your orders? t - Shout!
Orders for allies: a - Attack new target. r - Retreat! s - Stop attacking. g - Guard the area. f - Follow me.
Anything else - Cancel.
Okay, then.
Unknown command.
Blink to where?
Press: ? - help, Dir - move target cursor
As you read the scroll of blinking, it crumbles to dust.
The orc warlord hits you with a +0 war axe!!
You die...

≈≈#..........#≈≈≈≈≈#..........#
≈≈#..8..8....'...o.'..........#
≈≈#......))#########......8...#
≈≈##.....(##≈≈≈#≈≈≈####......##
...##.....#≈[.....≈#≈≈#.....##
....##....#≈.........≈#....##
.....#..((##8.8...8.8≈##...#
.....'.....#.........≈≈'.).#
.∩...'.....#..go@....≈≈'.()#
.....'.....#...g.....≈≈'...#
.....#....##8.8...8.8≈##...#
....##....#≈.........≈#....##
...##.....#≈[.....≈#≈≈#.....##
≈≈##.()(..##≈≈≈#≈≈≈####......##
≈≈#........#########......8...#
≈≈#..8.(8...)'....))..........#
≈≈#.........(#≈≈≈≈≈#..........#


You could see an orc warlord, a gnoll and a hobgoblin.

Vanquished Creatures
  A hippogriff (D:6)
  Sigmund (D:2)
  A wyvern (D:5)
  A water moccasin (D:6)
  Duvessa (D:5)
  2 ice beasts
  3 orc warriors
  A phantom (D:4)
  2 bullfrogs (D:6)
  Dowan (D:5)
  2 scorpions (D:4)
  A crimson imp (D:5)
  3 bullfrog zombies (D:6)
  3 hounds
  3 orc priests
  4 orc wizards
  Ijyb (D:5)
  Crazy Yiuf (D:2)
  4 worker ants
  A howler monkey zombie (D:5)
  A howler monkey skeleton (D:3)
  12 adders
  3 gnolls (D:6)
  A shadow imp (D:5)
  An ooze (D:4)
  5 worms
  3 dart slugs (D:1)
  5 leopard geckos
  24 orcs
  3 bats
  9 giant cockroaches
  2 gnoll zombies (D:5)
  7 goblins
  14 hobgoblins
  6 jackals
  22 kobolds
  2 quokkas
  8 frilled lizards
  A leopard gecko zombie (D:5)
  3 quokka skeletons (D:6)
  9 rats
178 creatures vanquished.

Notes
Turn   | Place    | Note
-------+----------+-------------------------------------------
     0 | D:1      | BoppinsLewinski the Deep Dwarf Fighter began the quest for
                  | the Orb.
     0 | D:1      | Reached XP level 1. HP: 20/20 MP: 1/1
   151 | D:1      | Reached XP level 2. HP: 22/27 MP: 2/2
   159 | D:1      | Found a shattered altar of Ashenzari.
   549 | D:1      | Reached skill level 1 in Dodging
   593 | D:1      | Reached skill level 3 in Axes
   616 | D:1      | Reached XP level 3. HP: 19/33 MP: 3/3
   931 | D:2      | Found a burning altar of Makhleb.
   939 | D:2      | Became a worshipper of Makhleb the Destroyer
   969 | D:2      | Found Zin's Purification Station.
   971 | D:2      | Found a glowing silver altar of Zin.
  1024 | D:2      | Noticed Sigmund
  1036 | D:2      | Killed Sigmund
  1036 | D:2      | Reached skill level 4 in Axes
  1036 | D:2      | Reached XP level 4. HP: 30/42 MP: 3/3
  1036 | D:2      | Reached XP level 5. HP: 36/49 MP: 4/4
  1329 | D:2      | Found a runed translucent door.
  1330 | D:2      | Noticed Crazy Yiuf
  1346 | D:2      | Killed Crazy Yiuf
  1491 | D:3      | Reached XP level 6. HP: 39/56 MP: 5/5
  1578 | D:3      | Reached * piety under Makhleb
  1714 | D:3      | Reached skill level 5 in Axes
  2258 | D:4      | Reached skill level 1 in Invocations
  2280 | D:4      | Reached XP level 7. HP: 50/64 MP: 5/7
  2287 | D:4      | Found Saics's Magic Scroll Shop.
  2300 | D:4      | Found Gorphiu's Distillery.
  2336 | D:4      | Found Zahi Sypn's Food Shoppe.
  2479 | D:4      | Found a shadowy altar of Dithmenos.
  2513 | D:4      | Reached ** piety under Makhleb
  2536 | D:4      | Reached skill level 5 in Armour
  2682 | D:4      | Reached skill level 6 in Axes
  2700 | D:4      | Found Jijaot's Distillery.
  2793 | D:4      | Found Fusio's Armour Emporium.
  2802 | D:4      | Found a runed translucent door.
  2810 | D:4      | Noticed KoboldVaak's ghost (amateur KoNe)
  3390 | D:5      | Entered Level 5 of the Dungeon
  3500 | D:5      | Reached XP level 8. HP: 73/73 MP: 8/10
  3520 | D:5      | Noticed Duvessa
  3537 | D:5      | Killed Duvessa
  3537 | D:5      | Noticed Dowan
  3572 | D:5      | Killed Dowan
  3623 | D:5      | Found a large runed translucent door.
  3623 | D:5      | Found a large runed translucent door.
  3644 | D:5      | Noticed Ijyb
  3654 | D:5      | Paralysed by Ijyb for 5 turns
  3673 | D:5      | Paralysed by Ijyb for 5 turns
  3679 | D:5      | Killed Ijyb
  3682 | D:5      | Found a large runed translucent door.
  3682 | D:5      | Found a large runed translucent door.
  3739 | D:5      | Reached skill level 5 in Invocations
  3970 | D:5      | Reached skill level 7 in Axes
  4101 | D:5      | Found a basalt altar of Yredelemnul.
  4187 | D:6      | Reached *** piety under Makhleb
  4187 | D:6      | Reached skill level 5 in Fighting
  4281 | D:6      | Found a blossoming altar of Fedhas.
  4281 | D:6      | Found an ornate altar of the Wu Jian Council.
  4390 | D:6      | Reached skill level 8 in Axes
  4476 | D:6      | Found a shattered altar of Ashenzari.
  4641 | D:6      | Found Eputeub's Armour Emporium.
  4746 | D:6      | Gained mutation: You passively map the area around you.
                  | [Deep Dwarf growth]
  4746 | D:6      | Reached XP level 9. HP: 81/81 MP: 10/10
  4771 | D:6      | Found a sparkling altar of Nemelex Xobeh.
  4907 | D:6      | Found a sacrificial altar of Ru.
  5181 | D:6      | Reached skill level 9 in Axes
  5219 | D:7      | Found a staircase to the Ecumenical Temple.
  5239 | D:7      | Found a flagged portal.
  5248 | Bailey   | Entered a bailey
  5255 | Bailey   | Noticed an orc warlord
  5356 | Bailey   | Found a runed translucent gate.
  5356 | Bailey   | Found a runed translucent gate.
  5356 | Bailey   | Found a runed translucent gate.
  5401 | Bailey   | Reached **** piety under Makhleb
  5581 | Bailey   | Slain by an orc warlord

Levels and vault maps discovered:
D:1:      minmay_arrival_four_loops, layout_basic, evilmike_ruin_ashenzari
D:2:      layout_loops_ring, zin_purify, bloody_makhleb, uniq_sigmund,
          uniq_crazy_yiuf_cottage
D:3:      layout_basic
D:4:      layout_layer_cave, old_standard_altar, first_ration, serial_shops,
          shop, nicolae_shop_window_shopping, shop, nicolae_shop_waterfront,
          shop, ebering_ghost_sewer_d, serial_bayou_pond_d, minmay_quantized
D:5:      layout_rooms, lemuel_zombie_altar_yredelemnul,
          minmay_hollow_rounded_squares, uniq_duvessa, uniq_ijyb
D:6:      layout_basic, overflow_temple_1_default,
          gammafunk_temple_overflow_pools, kennysheep_little_box,
          lemuel_round_altar, serial_shops, shop
D:7:      layout_basic, minmay_temple_entry_waves, enter_bailey_2,
          serial_undead, serial_undead_d, serial_undead_e, serial_undead_b,
          serial_undead_b, serial_undead_d, serial_undead_c
Bailey:   bailey_axe_bossmonster_kennysheep, bailey

Skill      XL: |  1  2  3  4  5  6  7  8  9 |
---------------+----------------------------+-----
Dodging        | 1 2 3 4 |  4.9
Axes           | 3 4 5 6 8 9 |  9.6
Fighting       | 3 4 5 |  5.0
Armour         | 4 5 6 |  6.1
Invocations    | 1 4 5 |  5.2
Shields        | |  3.2

Action                   |  1- 3 |  4- 6 |  7- 9 || total
-------------------------+-------+-------+-------++-------
Melee: War axe           |   119 |   148 |   207 ||   474
       Battleaxe         |       |       |   164 ||   164
Invok: Minor Destruction |       |       |     2 ||     2
 Abil: Heal Wounds       |     2 |     2 |     5 ||     9
Evoke: Wand              |       |       |     8 ||     8
  Use: Potion            |     2 |     2 |     3 ||     7
       Scroll            |       |       |    11 ||    11
  Eat: Chunk             |       |     4 |     9 ||    13
       Ration            |       |       |     1 ||     1
Armor: Scale mail        |    64 |    62 |   120 ||   246
       Chain mail        |       |       |   124 ||   124
Dodge: Dodged            |    61 |    82 |   269 ||   412
